AoeStats
← Tomeš

Hideout

509130226Analyzed
1v1 RM · 7d ago on Sep 25, 2026· 49m 44s· 2 players
Game mode
Random Map
Map size
Tiny (2 player)
Population
200
Speed
Normal
Resources
Standard
Victory
Conquest
Starting age
Dark Age
Ending age
Imperial Age
RankedLock teamsTeams togetherTeam positionsShared explorationLock speedFull tech treeHidden civsTurbo modeCheats
Victory
Defeat
🇨🇿 Bohemians · Czechia
689
+12
🇦🇷 Bohemians · Argentina
611
-12
Leonardongo
0:49 Loom
11:48 Feudal Age
13:39 Wheelbarrow
12:49 Town Watch
16:09 Double-Bit Axe
17:48 Horse Collar
24:18 Castle Age
22:32 Padded Archer Armor
29:54 Chemistry
29:49 Ballistics
31:11 Bow Saw
32:46 Leather Archer Armor
33:44 Fletching
36:49 Imperial Age
Tomeš
6:19 Loom
12:17 Feudal Age
13:49 Wheelbarrow
13:05 Double-Bit Axe
13:05 Horse Collar
22:28 Castle Age
26:06 Chemistry
27:40 Ballistics
27:24 Heavy Plow
27:36 Bow Saw
31:28 Imperial Age
29:21 Man-at-Arms
30:02 Squires
30:01 Fletching
30:21 Forging
31:01 Long Swordsman
31:59 Two-Handed Swordsman
34:32 Champion
38:38 Conscription
40:58 Two-Man Saw
39:48 Light Cavalry
47:24 Town Watch
48:01 Hand Cart
47:55 Scale Barding Armor
48:34 Husbandry
Connection lost

Rejoining the realm…

Still unreachable

The connection could not be restored.

Session expired

The server has moved on; the page needs a fresh start.